 Dungeon Sprint DCSS version 0.18-a0-1180-g64ccc1e (console) character file.

0 GhEn the Firebug (level 4, 24/24 HPs)
             Began as a Deep Elf Fire Elementalist on Jan 27, 2016.
             Was a Follower of Makhleb.
             Quit the game in the Dungeon (Sprint VI: "Thunderdome").
             The game lasted 00:02:05 (94 turns).

GhEn the Firebug (Deep Elf Fire Elementalist)         Turns: 94, Time: 00:02:06

Health: 24/24      AC:  2    Str:  5    XL:     4   Next: 30%
Magic:  0/10       EV: 13    Int: 21    God:    Makhleb [*.....]
Gold:   20         SH:  0    Dex: 19    Spells: 3 memorised, 3 levels left

rFire  + . .     SeeInvis .     (no weapon)
rCold  + . .     Gourm    +     a - +0 robe
rNeg   + . .     Faith    .     (no shield)
rPois  .         Spirit   .     (no helmet)
rElec  .         Dismiss  .     (no cloak)
rCorr  +         Reflect  .     (no gloves)
SustAt .         Harm     .     (no boots)
MR     +....     NoTele   +     q - amulet "Atuapiuh" {Gourm rC+ MR+}
Stlth  +++.......               o - ring "Xuerem" {rCorr +Fly rF+ rN+}
                                p - ring "Huddenax" {Wiz -Tele Dex+4 Stlth+}

@: somewhat resistant to hostile enchantments, fairly stealthy
A: no striking features
a: Renounce Religion, Evoke Flight


You were in the Dungeon.
You worshipped Makhleb.
Makhleb was aware of your devotion.
You were not hungry.

You visited 1 branch You collected 200 gold pieces.
You spent 180 gold pieces at shops.

Inventory:

Armour
 a - a +0 robe (worn)
Jewellery
 n - the amulet of Dawn {Inacc rF++ rN+ MR- Dex+3}
   (You bought it in a shop in the Dungeon)

   [amulet of inaccuracy]

   It reduces the accuracy of all your attacks.
   It affects your dexterity (+3).
   It greatly protects you from fire.
   It protects you from negative energy.
   It affects your resistance to hostile enchantments.
 o - the ring "Xuerem" (right hand) {rCorr +Fly rF+ rN+}
   (You bought it in a shop in the Dungeon)

   [ring of resist corrosion]

   It protects you from fire.
   It protects you from negative energy.
   It lets you fly.
 p - the ring "Huddenax" (left hand) {Wiz -Tele Dex+4 Stlth+}
   (You bought it in a shop in the Dungeon)

   [ring of wizardry]

   It improves your spell success rate.
   It affects your dexterity (+4).
   It prevents most forms of teleportation.
   It makes you more stealthy.
 q - the amulet "Atuapiuh" (around neck) {Gourm rC+ MR+}
   (You bought it in a shop in the Dungeon)

   [amulet of the gourmand]

   It allows you to eat raw meat even when not hungry.
   It protects you from cold.
   It affects your resistance to hostile enchantments.
Wands
 j - a wand of cold (5/15)
   (You found it in the Dungeon)
 k - a wand of fire (3/15)
   (You found it in the Dungeon)
Scrolls
 i - 4 scrolls of blinking
 l - 3 scrolls of fog {!r}
Potions
 d - a potion of curing
 e - 4 potions of heal wounds
 f - 4 potions of haste
 g - 2 potions of magic {!q}
 h - a potion of berserk rage
 m - a potion of resistance
Books
 b - a book of Flames
Comestibles
 c - a bread ration


   Skills:
 - Level 2.4 Dodging
 - Level 2.4 Stealth
 + Level 3.0 Spellcasting
 + Level 6.5 Conjurations
 + Level 7.4 Fire Magic


You had 3 spell levels left.
You knew the following spells:

 Your Spells              Type           Power        Failure   Level  Hunger
a - Flame Tongue          Conj/Fire      ####.        1%          1    None
b - Throw Flame           Conj/Fire      ####..       1%          2    ##.....
c - Conjure Flame         Conj/Fire      ####....     1%          3    ###....


Dungeon Overview and Level Annotations

Branches:
Dungeon (1/1)

Altars:
Dithmenos
Gozag
Kikubaaqudgha
Makhleb
Pakellas
Qazlal
Ru
Vehumet
Xom
Yredelemnul
The Shining One
Lugonu

Shops:
D *[%???:(!!!

Annotations:
D Blork the orc

##∩.....∩## #∩.......∩#
#_......._# #_......._#
#_........#
###.........###
#⌠...........⌠#
##.8.........8.######
_......###......@__∩#
.....8.# #.8........∩#
.......###.............#
....###...###..........⌠
....# #.<.# #o.........⌠
....###...# #..........⌠
.......###.............#
)....8.# .8........∩###
_..)...# ......


You could see Blork the orc.


Message History

The puff of flame hits the orc.
You kill the orc!
Makhleb accepts your kill.
You can now gain health from killing.
(D) Dungeon
Where to? (Enter - D @ (x,y), ? - help)
Okay, then.
Unknown command.
Things that are here:
a trident; a chain mail
There is an opulent altar of Gozag here.
There is a radiant altar of Vehumet here.
There is an entrance to Bushroj Oxod's Identification Station here.
Unknown command.
There is an entrance to Xioli's Advanced Armour here.
Unknown command.
Magic restored.
There is a burning altar of Makhleb here.
There is a basalt altar of Yredelemnul here.
There is a shimmering altar of Xom here.
There is an entrance to Raez's Magic Scroll Shop here.
There is an entrance to Ciesol's Magic Scroll Shop here.
There is an entrance to Zada's Must-Have Magic here.
There is an entrance to Goyrotej's Staff Store here.
There is a sacrificial altar of Ru here.
There is a shadowy altar of Dithmenos here.
Found Kyonabel's Distillery and Roem's Distillery.
Found Salyaff's Bottled Wisdom.
Blork the orc comes into view.
He is wielding a war axe.
There is a stormy altar of Qazlal here.
Casting: Throw Flame You don't know that spell.
Casting: Throw Flame
Aiming: Throw Flame Blork the orc shouts!
Casting: Throw Flame
Aiming: Throw Flame Blork the orc casts a spell at you.
The puff of flame misses you.
Casting: Throw Flame
Aiming: Throw Flame The puff of flame hits Blork the orc.
Blork the orc is moderately wounded.
Casting: Throw Flame
Aiming: Throw Flame The puff of flame hits Blork the orc.
Blork the orc is heavily wounded.
Casting: Throw Flame
Aiming: Throw Flame Blork the orc casts a cantrip, but nothing happens.
Are you sure you want to abandon this character and quit the game? (Confirm with "yes".)

Notes
Turn   | Place    | Note
--------------------------------------------------------------
     0 | D        | GhEn the Deep Elf Fire Elementalist began the quest for the Orb.
     0 | D        | Reached XP level 1. HP: 10/10 MP: 6/6
     1 | D        | Found a stormy altar of Qazlal.
     2 | D        | Found an oddly glowing altar of Pakellas.
     2 | D        | Found a shadowy altar of Dithmenos.
     3 | D        | Found a sacrificial altar of Ru.
     3 | D        | Found a shimmering altar of Xom.
     4 | D        | Found a burning altar of Makhleb.
     4 | D        | Found a basalt altar of Yredelemnul.
     4 | D        | Found Goyrotej's Staff Store.
     4 | D        | Found Raez's Magic Scroll Shop.
     5 | D        | Found a corrupted altar of Lugonu.
     5 | D        | Found Zada's Must-Have Magic.
     5 | D        | Found Ciesol's Magic Scroll Shop.
     5 | D        | Round 1.
    16 | D        | Found a glowing golden altar of the Shining One.
    20 | D        | Became a worshipper of Makhleb the Destroyer
    23 | D        | Found Agidus's Bee Food.
    24 | D        | Found Vilypry's Jewellery.
    24 | D        | Found Xioli's Advanced Armour.
    25 | D        | Found an ancient bone altar of Kikubaaqudgha.
    25 | D        | Found an opulent altar of Gozag.
    25 | D        | Found a radiant altar of Vehumet.
    25 | D        | Found Bushroj Oxod's Identification Station.
    25 | D        | Noticed an orc warrior
    28 | D        | Killed an orc warrior
    28 | D        | Reached skill level 6 in Conjurations
    28 | D        | Reached skill level 7 in Fire Magic
    28 | D        | Reached XP level 2. HP: 15/15 MP: 8/8
    28 | D        | Reached XP level 3. HP: 19/19 MP: 9/9
    28 | D        | Reached XP level 4. HP: 24/24 MP: 10/10
    32 | D        | Learned a level 2 spell: Throw Flame
    36 | D        | Learned a level 3 spell: Conjure Flame
    41 | D        | Bought a twitching platinum amulet for 45 gold pieces
    41 | D        | Bought a steaming pewter ring for 45 gold pieces
    41 | D        | Bought a heavily runed lead ring for 45 gold pieces
    41 | D        | Identified the amulet of Dawn {Inacc rF++ rN+ MR- Dex+3} (You bought it in a shop in the Dungeon)
    42 | D        | Identified the ring "Huddenax" {Wiz -Tele Dex+4 Stlth+} (You bought it in a shop in the Dungeon)
    43 | D        | Identified the ring "Xuerem" {rCorr +Fly rF+ rN+} (You bought it in a shop in the Dungeon)
    45 | D        | Bought a pitted tin amulet for 45 gold pieces
    45 | D        | Identified the amulet "Atuapiuh" {Gourm rC+ MR+} (You bought it in a shop in the Dungeon)
    52 | D        | Reached * piety under Makhleb
    86 | D        | Found Kyonabel's Distillery.
    86 | D        | Found Roem's Distillery.
    87 | D        | Found Salyaff's Bottled Wisdom.
    89 | D        | Noticed Blork the orc
    94 | D        | Quit the game

Vanquished Creatures
  An orc warrior (D)
  An orc (D)
2 creatures vanquished.

Action                   |  1- 3 |  4- 6 || total
-------------------------+-------+-------++-------
 Cast: Throw Flame       |       |     6 ||     6
Evoke: Wand              |     1 |     1 ||     2

Vault maps used:
D:        arena_sprint
